 Dungeon Sprint DCSS version 0.18-a0-316-gf882de5 (webtiles) character file.

15117 Kidiri the Unseen (level 11, -9/58 HPs)
             Began as a Spriggan Enchanter on Nov 27, 2015.
             Was the Champion of Dithmenos.
             Mangled by Polyphemus (24 damage)
             ... in the Dungeon (Sprint III: "The Ten Rune Challenge").
             The game lasted 00:13:17 (3319 turns).

Kidiri the Unseen (Spriggan Enchanter)              Turns: 3319, Time: 00:13:17

Health: -9/58      AC:  6    Str:  2    XL:     11   Next: 97%
Magic:  20/29      EV: 32    Int: 19    God:    Dithmenos [******]
Gold:   33         SH:  0    Dex: 18    Spells: 9 memorised, 12 levels left

rFire  . . .     SeeInvis +     a - +1 dagger
rCold  . . .     Clarity  .     b - +1 robe
rNeg   . . .     SustAt   .     (shield restricted)
rPois  .         Gourm    .     c - +1 hat
rElec  +         Spirit   .     e - +0 cloak
rCorr  .         Warding  .     (gloves unavailable)
rMut   .         NoTele   +     (boots unavailable)
MR     +....                    (no amulet)
Stlth  ++++++++++               (no ring)
                                (no ring)

@: wreathed by umbra, very quick, somewhat resistant to hostile enchantments,
uncannily stealthy
A: unfitting armour, antennae 1, talons 2, icy blue scales 1, see invisible,
herbivore 3, speed 3, screaming 1, electricity resistance, slow metabolism 2,
spit poison 1, weak 1
a: Spit Poison, Shadow Step, Shadow Form, Renounce Religion


You were in the Dungeon.
You worshipped Dithmenos.
Dithmenos was exalted by your worship.
You were not hungry.

You visited 1 branch You collected 33 gold pieces.

Inventory:

Hand Weapons
 a - a +1 dagger (weapon)
Armour
 b - a +1 robe (worn)
 c - a +1 hat (worn)
 e - a +0 cloak (worn)
Scrolls
 j - 2 scrolls of blinking
 l - a scroll of torment
 n - 2 scrolls of recharging {unknown}
Potions
 d - a potion of curing
 g - a potion of haste
 o - 3 potions of cure mutation
 p - a potion of flight
 r - a potion of agility {unknown}
Comestibles
 i - 21 royal jellies
 q - 11 fruits


   Skills:
 + Level 6.8 Fighting
 * Level 12.4 Short Blades
 + Level 6.1 Armour
 * Level 16.0 Dodging
 * Level 17.4 Stealth
 * Level 13.9 Spellcasting
 + Level 6.0 Conjurations
 + Level 10.4 Hexes
 + Level 9.9 Charms
 + Level 10.1 Translocations
 + Level 6.5 Ice Magic
 - Level 2.2 Invocations


You had 12 spell levels left.
You knew the following spells:

 Your Spells              Type           Power        Failure   Level  Hunger
a - Corona                Hex            ######.      1%          1    None
b - Ensorcelled Hibernat  Hex/Ice        #####.       1%          2    None
c - Confuse               Hex            ######..     1%          3    None
d - Tukima's Dance        Hex            ######..     1%          3    None
e - Dazzling Spray        Conj/Hex       #####...     1%          3    None
f - Apportation           Tloc           ######....   1%          1    None
g - Shroud of Golubria    Chrm/Tloc      ######....   1%          2    None
h - Passage of Golubria   Tloc           N/A          1%          4    None
i - Invisibility          Hex            ######..     14%         6    #####..


Dungeon Overview and Level Annotations

Branches:
Dungeon (1/1)

Altars:
Cheibriados
Dithmenos
Elyvilon
Fedhas
Gozag
Kikubaaqudgha
Makhleb
Nemelex Xobeh
Okawaru
Qazlal
Ru
Sif Muna
Trog
Vehumet
Xom
Yredelemnul
Zin
The Shining One
Jiyva
Lugonu

Shops:
D (

Annotations:
D Ilsuiw, Polyphemus


Innate Abilities, Weirdness & Mutations

You are tiny and cannot use many weapons and most armour.
You have supernaturally acute eyesight.
You are a herbivore.
You cover ground extremely quickly.
You need consume almost no food.
You have a pair of small antennae on your head.
You have razor-sharp toenails.
You are partially covered in icy blue scales (AC +1).
You occasionally shout uncontrollably at your foes.
You are resistant to electric shocks.
You can spit weak poison.
You are weak. (Str -2)


Message History

Polyphemus barely misses you.
Unknown command.
You hit the sheep but do no damage.
The sheep is heavily wounded.
Unknown command.
Casting: Dazzling Spray
Confirm with . or Enter, or press ? or * to list all spells.
Aiming: Dazzling Spray
Press: ? - help, Shift-Dir - straight line, f/p - Polyphemus
Aim: Polyphemus (black smoke, moderately wounded, umbra)
The spray of energy hits Polyphemus.
Polyphemus is moderately wounded.
The spray of energy hits the sheep.
You kill the sheep!
Dithmenos accepts your kill.
The spray of energy hits the sheep.
You kill the sheep!
Dithmenos accepts your kill. Polyphemus completely misses you.
Polyphemus hits you!!
You die...

♣.%#.##...#≈≈...§§§§§#{
♣♣.##.##.)#≈..+#######
♣♣.##.#####...#....))#
♣.....##%.....#♣♣♣._)#
########'###### #####
▓≈≈≈≈≈≈≈≈ ▓≈≈≈≈§§§§
▓≈≈≈§Y§§§ ▓≈≈.§C@§§
▓≈≈≈§§§§§≈≈..▓
▓≈≈≈≈§§§§≈≈..▓
▓≈≈≈≈≈≈≈≈≈≈≈.▓
▓..≈≈≈≈≈≈≈≈≈≈▓
▓...≈≈≈≈≈≈≈≈≈▓
▓.m..≈≈≈≈≈≈≈.▓
▓...≈≈≈≈≈≈≈.∩▓


You could see Polyphemus, Ilsuiw (sleeping) and a sheep.

Vanquished Creatures
  Sigmund (D)
  Maud (D)
  2 hydras (D)
  Erica (D)
  A centaur warrior (D)
  A death drake (D)
  A spriggan druid (D)
  An unseen horror (D)
  A lindwurm (D)
  Edmund (D)
  2 spiny frogs (D)
  A komodo dragon (D)
  3 wandering mushrooms (D)
  A deep elf priest (D)
  A queen bee (D)
  2 giant leeches (D)
  3 redbacks (D)
  2 spriggans (D)
  A shadow (D)
  A spatial vortex (D)
  A necrophage (D)
  2 centaurs (D)
  An earth elemental (D)
  A water elemental (D)
  32 killer bees (D)
  An electric eel (D)
  Crazy Yiuf (D)
  A necromancer (D)
  A jelly (D)
  Jessica (D)
  A wizard (D)
  2 sheep (D)
  A kobold demonologist (D)
  3 humans (D)
  An ooze (D)
  2 rats (D)
80 creatures vanquished.

Vanquished Creatures (others)
  2 draconian scorchers (D)
  2 yaktaurs (D)
4 creatures vanquished.

Grand Total: 84 creatures vanquished

Notes
Turn   | Place    | Note
--------------------------------------------------------------
     0 | D        | Kidiri the Spriggan Enchanter began the quest for the Orb.
     0 | D        | Reached XP level 1. HP: 9/9 MP: 5/5
    23 | D        | Noticed Jessica
    40 | D        | Killed Jessica
    40 | D        | Reached skill level 1 in Fighting
    40 | D        | Reached skill level 1 in Armour
    40 | D        | Reached skill level 5 in Stealth
    40 | D        | Reached XP level 2. HP: 7/14 MP: 5/8
    40 | D        | Reached XP level 3. HP: 9/18 MP: 5/9
    45 | D        | Learned a level 2 spell: Ensorcelled Hibernation
    49 | D        | Learned a level 3 spell: Confuse
    53 | D        | Learned a level 3 spell: Dazzling Spray
    67 | D        | Killed a yaktaur
   188 | D        | Noticed Crazy Yiuf
   213 | D        | Killed a white draconian scorcher
   282 | D        | Killed a white draconian scorcher
   476 | D        | Reached skill level 5 in Dodging
   476 | D        | Reached skill level 6 in Stealth
   558 | D        | Killed Crazy Yiuf
   558 | D        | Reached skill level 5 in Spellcasting
   558 | D        | Reached skill level 1 in Ice Magic
   558 | D        | Reached XP level 4. HP: 22/22 MP: 9/12
   599 | D        | Learned a level 3 spell: Tukima's Dance
   602 | D        | Gained mutation: You have sharp toenails. [potion of mutation]
   602 | D        | Gained mutation: You occasionally shout uncontrollably at your foes. [potion of mutation]
   602 | D        | Gained mutation: You have a pair of small antennae on your head. [potion of mutation]
   603 | D        | Gained mutation: You have razor-sharp toenails. [potion of mutation]
   603 | D        | Gained mutation: You can spit weak poison. [potion of mutation]
   604 | D        | Gained mutation: You are resistant to electric shocks. [potion of mutation]
   604 | D        | Gained mutation: You are weak. (Str -2) [potion of mutation]
   604 | D        | Gained mutation: You are partially covered in icy blue scales (AC +1). [potion of mutation]
   765 | D        | Reached skill level 7 in Stealth
   765 | D        | Reached skill level 1 in Conjurations
   765 | D        | Reached skill level 5 in Hexes
   862 | D        | Noticed a shadow
   869 | D        | Reached XP level 5. HP: 26/26 MP: 11/14
   880 | D        | Killed a shadow
   880 | D        | Reached skill level 5 in Short Blades
   880 | D        | Reached skill level 8 in Dodging
   880 | D        | Reached skill level 9 in Stealth
   880 | D        | Reached XP level 6. HP: 24/32 MP: 3/17
   975 | D        | Found a stormy altar of Qazlal.
   976 | D        | Found a sacrificial altar of Ru.
   976 | D        | Found a burning altar of Makhleb.
   976 | D        | Found a viscous altar of Jiyva.
   976 | D        | Found a shimmering altar of Xom.
   976 | D        | Found a shadowy altar of Dithmenos.
   976 | D        | Found a sparkling altar of Nemelex Xobeh.
   976 | D        | Found a corrupted altar of Lugonu.
   976 | D        | Found an opulent altar of Gozag.
   976 | D        | Noticed a spatial vortex
   982 | D        | Became a worshipper of Dithmenos the Shadowed
  1295 | D        | Killed a spatial vortex
  1295 | D        | Reached skill level 1 in Invocations
  1411 | D        | Found a radiant altar of Vehumet.
  1412 | D        | Found a deep blue altar of Sif Muna.
  1412 | D        | Found an ancient bone altar of Kikubaaqudgha.
  1423 | D        | Learned a level 1 spell: Apportation
  1426 | D        | Learned a level 2 spell: Shroud of Golubria
  1431 | D        | Learned a level 4 spell: Passage of Golubria
  1442 | D        | Found a glowing silver altar of Zin.
  1443 | D        | Found a glowing golden altar of the Shining One.
  1443 | D        | Found a white marble altar of Elyvilon.
  1443 | D        | Noticed a deep elf priest
  1445 | D        | Killed a deep elf priest
  1445 | D        | Reached * piety under Dithmenos
  1445 | D        | Reached skill level 10 in Stealth
  1445 | D        | Reached XP level 7. HP: 36/36 MP: 17/19
  1461 | D        | Found an iron altar of Okawaru.
  1462 | D        | Found a bloodstained altar of Trog.
  1462 | D        | Noticed a human
  1462 | D        | Noticed a human
  1470 | D        | Killed a human
  1471 | D        | Killed a human
  1471 | D        | Reached skill level 10 in Dodging
  1471 | D        | Reached skill level 11 in Stealth
  1519 | D        | Found a snail-covered altar of Cheibriados.
  1522 | D        | Reached XP level 8. HP: 42/42 MP: 15/21
  1528 | D        | Reached ** piety under Dithmenos
  1529 | D        | Found a basalt altar of Yredelemnul.
  1529 | D        | Found a blossoming altar of Fedhas.
  1646 | D        | Noticed Erica
  1648 | D        | Killed Erica
  1648 | D        | Reached skill level 12 in Stealth
  1659 | D        | Learned a level 6 spell: Invisibility
  1922 | D        | Noticed a centaur warrior
  1932 | D        | Killed a centaur warrior
  1932 | D        | Reached skill level 10 in Spellcasting
  1932 | D        | Reached skill level 5 in Charms
  1932 | D        | Reached skill level 5 in Translocations
  1932 | D        | Reached XP level 9. HP: 5/46 MP: 9/24
  1946 | D        | Reached *** piety under Dithmenos
  1946 | D        | Reached skill level 13 in Stealth
  2223 | D        | Noticed an unseen horror
  2226 | D        | Killed an unseen horror
  2273 | D        | Reached **** piety under Dithmenos
  2443 | D        | Reached ***** piety under Dithmenos
  2443 | D        | Reached skill level 5 in Fighting
  2610 | D        | Reached skill level 14 in Stealth
  2616 | D        | Reached XP level 10. HP: 51/51 MP: 22/26
  2720 | D        | Reached ****** piety under Dithmenos
  2729 | D        | Reached skill level 10 in Short Blades
  2871 | D        | Reached skill level 5 in Ice Magic
  2961 | D        | Noticed Sigmund
  2961 | D        | Noticed Edmund
  2963 | D        | Killed Sigmund
  2963 | D        | Reached skill level 5 in Armour
  2963 | D        | Reached skill level 15 in Stealth
  2963 | D        | Reached skill level 5 in Conjurations
  2963 | D        | Reached XP level 11. HP: 53/56 MP: 22/28
  2967 | D        | Killed Edmund
  3038 | D        | Reached skill level 16 in Stealth
  3167 | D        | Reached skill level 15 in Dodging
  3174 | D        | Noticed a lindwurm
  3177 | D        | Killed a lindwurm
  3187 | D        | Noticed Maud
  3190 | D        | Killed Maud
  3190 | D        | Reached skill level 10 in Hexes
  3219 | D        | Noticed a seven-headed hydra
  3219 | D        | Noticed a six-headed hydra
  3223 | D        | Killed a seven-headed hydra
  3223 | D        | Reached skill level 17 in Stealth
  3224 | D        | Killed a six-headed hydra
  3262 | D        | Noticed a death drake
  3264 | D        | Killed a death drake
  3286 | D        | Found a blossoming altar of Fedhas.
  3286 | D        | Noticed a spriggan druid
  3288 | D        | Killed a spriggan druid
  3289 | D        | Reached skill level 10 in Translocations
  3314 | D        | Noticed Polyphemus
  3315 | D        | Noticed a sea snake
  3315 | D        | Noticed Ilsuiw
  3315 | D        | Found Nailab's Antique Weapon Emporium.
  3319 | D        | Mangled by Polyphemus

Vault maps used:
D:        dungeon_sprint_mu

Action                   |  1- 3 |  4- 6 |  7- 9 | 10-12 || total
-------------------------+-------+-------+-------+-------++-------
Melee: Dagger            |    22 |    15 |    98 |    51 ||   186
 Cast: Corona            |     1 |       |     1 |       ||     2
       Ensorcelled Hiber |     4 |     1 |    22 |    26 ||    53
       Dazzling Spray    |     1 |    14 |    39 |     8 ||    62
       Confuse           |       |       |     4 |     2 ||     6
       Shroud of Golubri |       |       |     3 |       ||     3
Invok: Shadow Step       |       |       |       |     8 ||     8
  Use: Potion            |     1 |     5 |     3 |       ||     9
       Scroll            |       |     3 |       |       ||     3
 Stab: Sleeping          |     4 |     4 |    16 |    33 ||    57
       Invisible         |     1 |       |     6 |     3 ||    10
       Confused          |       |       |     1 |       ||     1
  Eat: Bread ration      |       |       |     1 |       ||     1
